 Dungeon Crawl Stone Soup version 0.31.0-9-g3a7656b989 (webtiles) character file.

Game seed: 12111966779001160723

292 qw the Skirmisher (level 6, -5/36 HPs)
             Began as a Deep Elf Hunter on Feb 2, 2024.
             Was an Initiate of Okawaru.
             Slain by an ogre
             ... wielding a +0 giant club
              (33 damage)
             ... on level 5 of the Dungeon.
             The game lasted 00:00:11 (3064 turns).

qw the Skirmisher (Deep Elf Hunter)                 Turns: 3064, Time: 00:00:11

Health: -5/36      AC:  5    Str: 10    XL:     6   Next: 10%
Magic:  8/8        EV: 11    Int: 14    God:    Okawaru [......]
Gold:   290        SH:  0    Dex: 18    Spells: 5/5 levels left

rFire   + . .        a - +0 shortbow (heavy)
rCold   . . .        (shield currently unavailable)
rNeg    . . .        g - +0 ring mail
rPois   .            (no helmet)
rElec   .            (no cloak)
rCorr   .            (no gloves)
SInv    .            (no boots)
Will    .....        (no amulet)
Stlth   +            c - ring of protection from fire
HPRegen 0.26/turn    (no ring)
MPRegen 0.11/turn

%: no passive effects
@: lethally poisoned (-5 -> -16)
A: no striking features
a: Renounce Religion


You were on level 5 of the Dungeon.
You worshipped Okawaru.
Okawaru was noncommittal.
You visited 1 branch of the dungeon, and saw 5 of its levels.

You collected 290 gold pieces.


   Skills:
 - Level 2.4 Fighting
 + Level 9.2 Ranged Weapons
 - Level 2.4 Dodging
 - Level 1.2 Stealth


You had 5 spell levels left.
You didn't know any spells.
Your spell library was empty.

Inventory:

Hand Weapons
 a - a +0 heavy shortbow (weapon)
Armour
 g - a +0 ring mail (worn)
Jewellery
 c - a ring of protection from fire (left hand)
Scrolls
 b - a scroll of brand weapon
 e - 4 scrolls of teleportation
Potions
 d - a potion of curing
 h - 2 potions of heal wounds

Dungeon Overview and Level Annotations

Branches:
Dungeon (5/15)
 Temple: D:4-7

Altars:
Okawaru
Vehumet
Xom
The Shining One

Annotations:
D:3 2 runed translucent doors, qw's ghost, amateur DEHu


Message History

Found an escape hatch in the floor.
You now have 290 gold pieces (gained 10). 3 kobolds come into view.
Found a scroll of fog.
The kobold shouts! x2; You hear a shout! x3
A kobold brigand comes into view.
It is wielding a +0 dagger of venom and quivering poisoned darts.
You shoot an arrow. The arrow misses the kobold.
The kobold brigand shouts!
The arrow hits the kobold!!
You kill the kobold!
Okawaru accepts your kill.
You hear a shout! x2
An ogre comes into view. It is wielding a +0 giant club.
You shoot an arrow. The arrow hits the kobold.
The kobold is moderately wounded.
The kobold hits you with a +0 club.
A kobold comes into view. It is wielding a +2 whip of distortion.
A kobold comes into view. It is wielding a +0 dagger.
The kobold hits you but does no damage.
An orc comes into view. It is wielding a +0 hand axe.
You shoot an arrow. The kobold shouts!
The arrow hits the kobold.
The kobold is heavily wounded.
You shoot an arrow. The arrow hits the kobold brigand.
The kobold brigand is lightly wounded.
You shoot an arrow. The arrow hits the kobold!
You kill the kobold!
Okawaru accepts your kill.
A kobold comes into view. It is wielding a +0 short sword.
The kobold brigand hits you with a +0 dagger of venom!
You shoot an arrow. The kobold shouts!
The arrow hits the kobold brigand!
The kobold brigand is heavily wounded.
The kobold brigand hits you with a +0 dagger of venom.
You are poisoned.
The ogre hits you with a +0 giant club!!
Ouch! That really hurt!
You die...

########.######
#.............#
#.............#
#.............#
#.............#
#.............####
########.##......#
#######.##Ko....#
.........@K.>....
##########OK....#
K.....# .)....#
.....[# .?....#
......# ......#


You could see a kobold brigand, an ogre, an orc and 3 kobolds.

Vanquished Creatures
  A bombardier beetle (D:5)
  2 orc priests
  A jelly (D:5)
  4 adders
  4 gnolls
  4 ribbon worms
  2 dart slugs
  7 orcs
  A ball python (D:4)
  6 bats
  2 endoplasms
  4 giant cockroaches
  7 goblins
  12 hobgoblins
  2 quokkas
  3 frilled lizards
  6 kobolds
  2 rats (D:1)
70 creatures vanquished.

Notes
Turn   | Place    | Note
-------+----------+-------------------------------------------
     0 | D:1      | qw the Deep Elf Hunter began the quest for the Orb.
     0 | D:1      | Reached XP level 1. HP: 12/12 MP: 3/3
     0 | D:1      | 0 ||| qw: Version: 0.3-a-155-g5e7d8dd
     0 | D:1      | 0 ||| qw: Game counter: 1587
     0 | D:1      | 0 ||| qw: Melee chars always use a shield: true
     0 | D:1      | 0 ||| qw: God list: Okawaru
     0 | D:1      | 0 ||| qw: Allow faded altars: false
     0 | D:1      | 0 ||| qw: Do Orc after clearing Dungeon:15 true
     0 | D:1      | 0 ||| qw: Do second Lair branch before Depths: true
     0 | D:1      | 0 ||| qw: Lair rune preference: random
     0 | D:1      | 0 ||| qw: Goals: Normal
     0 | D:1      | 0 ||| PLANNING D:1-11
    89 | D:1      | Reached XP level 2. HP: 16/16 MP: 4/4
    91 | D:1      | Reached skill level 6 in Ranged Weapons
   561 | D:1      | 561 ||| READING 2 scrolls labelled OLECIHYPPE.
   564 | D:1      | 564 ||| READING 4 scrolls labelled FAV WADEKIGYON.
   665 | D:1      | 665 ||| READING scroll labelled NYUPO NE RIDORPH.
   665 | D:1      | 665 ||| IDENTIFYING metallic purple potion
   666 | D:1      | 666 ||| DROPPING scroll of butterflies.
   667 | D:1      | 667 ||| DROPPING 3 scrolls of vulnerability.
   715 | D:2      | Reached XP level 3. HP: 20/20 MP: 5/5
   784 | D:2      | Reached skill level 7 in Ranged Weapons
   902 | D:2      | Reached XP level 4. HP: 25/25 MP: 6/6
   960 | D:2      | Found a radiant altar of Vehumet.
  1040 | D:2      | Reached skill level 8 in Ranged Weapons
  1109 | D:2      | 1109 ||| READING 4 scrolls of identify.
  1109 | D:2      | 1109 ||| IDENTIFYING viscous dark potion
  1110 | D:2      | 1110 ||| READING 3 scrolls of identify.
  1110 | D:2      | 1110 ||| IDENTIFYING brown potion
  1111 | D:2      | 1111 ||| READING 2 scrolls of identify.
  1111 | D:2      | 1111 ||| IDENTIFYING cyan potion
  1112 | D:2      | 1112 ||| READING scroll of identify.
  1112 | D:2      | 1112 ||| IDENTIFYING scroll labelled KEMAMITECHY
  1113 | D:2      | 1113 ||| READING scroll of brand weapon.
  1113 | D:2      | 1113 ||| BRANDING +0 shortbow.
  1114 | D:2      | 1114 ||| READING scroll labelled TERIRGH DUDEGO.
  1115 | D:2      | 1115 ||| DROPPING potion of lignification.
  1116 | D:2      | 1116 ||| DROPPING potion of berserk rage.
  1308 | D:3      | Found a runed translucent door.
  1334 | D:3      | Found a runed translucent door.
  1340 | D:3      | Noticed a bullfrog
  1341 | D:3      | Noticed qw's ghost (amateur DEHu)
  1395 | D:3      | Reached XP level 5. HP: 18/29 MP: 7/7
  1978 | D:3      | 1978 ||| UPGRADING to +0 ring mail.
  1988 | D:3      | 1988 ||| DROPPING +0 leather armour.
  1989 | D:3      | 1989 ||| READING scroll of identify.
  1989 | D:3      | 1989 ||| IDENTIFYING golden potion
  1990 | D:3      | 1990 ||| READING scroll labelled FURACU DUNKO.
  2159 | D:4      | Found an iron altar of Okawaru.
  2160 | D:4      | 2160 ||| PLANNING OKAWARU WORSHIP
  2160 | D:4      | 2160 ||| UPGRADING to ring of protection from fire.
  2161 | D:4      | 2161 ||| READING scroll labelled ZUUMPU AMNEPI.
  2220 | D:4      | Became a worshipper of Warmaster Okawaru
  2221 | D:4      | 2221 ||| PLANNING D:1-11
  2437 | D:4      | Found a shimmering altar of Xom.
  2437 | D:4      | Found a glowing golden altar of the Shining One.
  2567 | D:4      | 2567 ||| READING scroll labelled GUONNOUSCHI.
  2592 | D:5      | Entered Level 5 of the Dungeon
  2593 | D:5      | 2593 ||| STAIRDANCE
  2593 | D:5      | Noticed a water moccasin
  2601 | D:4      | Reached skill level 9 in Ranged Weapons
  2660 | D:5      | 2660 ||| STAIRDANCE
  2684 | D:5      | 2684 ||| STAIRDANCE
  2686 | D:4      | 2686 ||| DRINKING potion of haste.
  2688 | D:4      | HP: 6/29 [poisoned by a water moccasin]
  2689 | D:4      | 2689 ||| READING 5 scrolls of teleportation.
  2690 | D:4      | 2690 ||| DRINKING 4 potions of heal wounds.
  2692 | D:4      | 2692 ||| DRINKING 3 potions of heal wounds.
  2705 | D:4      | HP: 7/29 [poisoned by a water moccasin]
  2831 | D:5      | 2831 ||| STAIRDANCE
  2921 | D:5      | HP: 7/31 [burnt (3)]
  3033 | D:5      | Reached XP level 6. HP: 36/36 MP: 8/8
  3064 | D:5      | Slain by an ogre

Levels and vault maps discovered:
D:1:      minmay_arrival_diagonal_passages, layout_loops_ring, minmay_distorted
D:2:      minmay_spotlight, layout_rooms, basic_altar
D:3:      layout_basic, ebering_ghost_sewer_f
D:4:      layout_rooms, nicolae_overflow_crystal_walls,
          gammafunk_temple_overflow_pools
D:5:      layout_basic, lemuel_doored_altar, amethyst_overflow_temple_binary,
          uniq_ijyb, uniq_pikel

Skill      XL: |  1  2  3  4  5 |
---------------+----------------+-----
Ranged Weapons | 6 7 8 9 |  9.2
Fighting       | 2 |  2.4
Dodging        | |  2.4
Stealth        | |  1.2

Action                     |  1- 3 |  4- 6 || total
---------------------------+-------+-------++-------
   Fire: Shortbow          |    70 |   119 ||   189
    Use: Scroll            |     3 |    11 ||    14
         Potion            |       |     3 ||     3
 Armour: Leather armour    |    16 |     8 ||    24
         Ring mail         |       |    27 ||    27
  Dodge: Dodged            |     9 |    29 ||    38

Table legend:
 A = Non-vault XP
 B = Vault XP
 C = Vault XP percentage of total XP
 D = Non-vault monster count
 E = Vault monster count
 F = Vault count percentage of total count
                 A         B        C        D         E       F
            +---------+---------+-------+---------+---------+-------
      Total |     380 |      38 |   9.1 |      65 |       5 |   7.1
            +---------+---------+-------+---------+---------+-------
        D:1 |      36 |       0 |   0.0 |      20 |       0 |   0.0
        D:2 |      92 |      38 |  29.2 |      16 |       5 |  23.8
        D:3 |      71 |       0 |   0.0 |      14 |       0 |   0.0
        D:4 |      63 |       0 |   0.0 |       9 |       0 |   0.0
        D:5 |     118 |       0 |   0.0 |       6 |       0 |   0.0
            +---------+---------+-------+---------+---------+-------
